 Dungeon Crawl Stone Soup version 0.29-a0-557-g43b9904bd1 (webtiles) character file.

Game seed: 18061993101287584993

72 quokkamancerX the Chopper (level 4, 0/39 HPs)
             Began as a Hill Orc Fighter on June 9, 2022.
             Slain by Natasha (8 damage)
             ... on level 3 of the Dungeon.
             The game lasted 00:03:42 (1859 turns).

quokkamancerX the Chopper (Hill Orc Fighter)        Turns: 1859, Time: 00:03:42

Health: 0/39       AC: 10    Str: 20    XL:     4   Next: 25%
Magic:  4/4        EV:  7    Int:  8    God:
Gold:   114        SH:  4    Dex: 10    Spells: 3/3 levels left

rFire   . . .      SeeInvis .   a - +0 war axe
rCold   . . .      Faith    .   c - +0 buckler
rNeg    . . .      Spirit   .   j - +0 chain mail
rPois   .          Reflect  .   (no helmet)
rElec   .          Harm     .   (no cloak)
rCorr   .          Rampage  .   i - +0 pair of gloves
Will    .....                   (no boots)
Stlth   ..........              (no amulet)
HPRegen 0.13/turn               (no ring)
MPRegen 0.09/turn               (no ring)

@: slowed, very slow
A: no striking features
a: no special abilities


You were on level 3 of the Dungeon.
You visited 1 branch of the dungeon, and saw 3 of its levels.

You collected 114 gold pieces.

Inventory:

Hand Weapons
 a - a +0 war axe (weapon)
Missiles
 f - 6 poisoned darts (quivered)
 r - 4 curare-tipped darts
Armour
 c - a +0 buckler (worn)
 i - a +0 pair of gloves (worn)
 j - a +0 chain mail (worn)
Jewellery
 b - an amulet of guardian spirit
 n - a ring of magical power
Scrolls
 g - a scroll of torment {unknown}
 h - 3 scrolls of identify {unknown}
 k - a scroll of fear {unknown}
 m - a scroll of teleportation {unknown}
 o - 2 scrolls of blinking {unknown}
 q - a scroll of enchant weapon {unknown}
Potions
 d - a potion of might
 e - 4 potions of curing {unknown}
 l - a potion of attraction {unknown}
 p - a potion of degeneration {unknown}
 s - a potion of invisibility {unknown}
 t - a potion of cancellation {unknown}


   Skills:
 - Level 3.6 Fighting
 + Level 5.8 Axes
 - Level 3.2 Armour
 - Level 3.2 Shields


You had 3 spell levels left.
You didn't know any spells.
Your spell library contained the following spells:

 Spells                   Type           Power      Damage    Failure   Level
 Frozen Ramparts          Ice            0%         1d2       100%        3
 Ice Form                 Ice/Tmut       0%         N/A       100%        4
 Summon Ice Beast         Ice/Summ       0%         N/A       100%        4


Dungeon Overview and Level Annotations

Branches:
Dungeon (3/15)

Altars:

Annotations:
D:3 Natasha


Message History

Natasha casts a spell at you.
The magic dart hits you but does no damage.
The kobold closely misses you.
You hit Natasha.
Natasha is heavily wounded.
You slash the rat!
You kill the rat!
You hit the kobold. You block the kobold's attack.
Natasha mewls in sadness.
Natasha claws you. Natasha completely misses you.
The kobold hits you with a +0 whip.
You hit Natasha.
Natasha is heavily wounded.
You hit the kobold.
You kill the kobold!
Natasha claws you. The crimson imp hits you.
Natasha claws you but does no damage.
You closely miss Natasha.
Natasha is heavily wounded.
You hit the crimson imp but do no damage.
The crimson imp blinks!
Natasha claws you. Natasha casts a spell at you.
You feel as though you will be slow longer.
You hit Natasha.
Natasha is heavily wounded.
Natasha claws you.
The crimson imp blinks!
Natasha casts a spell at you.
You feel as though you will be slow longer.
You hit Natasha.
Natasha is almost dead.
Natasha claws you!
* * * LOW HITPOINT WARNING * * *
Natasha claws you but does no damage.
You closely miss Natasha.
Natasha is severely wounded.
The crimson imp disappears in a puff of smoke!
Natasha stares at you and mumbles some strange words.
The magic dart hits you but does no damage.
Natasha claws you!
You die...

# #.. #######
#... ?......
#.... .......
#.....###.......
#....§.†h)......
#.#.####@#
#........#
..###...####
........###
..........#
#.########.##
#......<.#.#
#..........#
#..^.###.###


You could see Natasha.

Vanquished Creatures
  An adder (D:2)
  2 worms (D:2)
  2 dart slugs (D:2)
  An orc (D:2)
  5 ball pythons
  5 bats
  3 endoplasms
  A giant cockroach (D:2)
  8 goblins
  5 hobgoblins
  2 jackals (D:1)
  2 quokkas (D:2)
  7 kobolds
  3 rats
47 creatures vanquished.

Vanquished Creatures (others)
  4 plants (D:1)
4 creatures vanquished.

Grand Total: 51 creatures vanquished

Notes
Turn   | Place    | Note
-------+----------+-------------------------------------------
     0 | D:1      | quokkamancerX the Hill Orc Fighter began the quest for the
                  | Orb.
     0 | D:1      | Reached XP level 1. HP: 19/19 MP: 1/1
    36 | D:1      | Reached skill level 3 in Axes
   229 | D:1      | Reached XP level 2. HP: 26/26 MP: 2/2
   323 | D:1      | Reached skill level 4 in Axes
   810 | D:2      | Reached XP level 3. HP: 31/31 MP: 3/3
  1080 | D:2      | Reached skill level 5 in Axes
  1312 | D:2      | Reached XP level 4. HP: 37/39 MP: 4/4
  1850 | D:3      | Noticed Natasha
  1859 | D:3      | Slain by Natasha

Illustrated notes

Levels and vault maps discovered:
D:1:      dpeg_arrival_arbitrary_c, layout_basic, serial_forest,
          infiniplex_forest_lined_1, infiniplex_forest_clump_cross,
          infiniplex_forest_clump_large, infiniplex_forest_clump_long,
          infiniplex_forest_end_1
D:2:      layout_basic, kennysheep_generic_room_7
D:3:      layout_basic, hellmonk_ecumenical_altar_zigzags, uniq_natasha

Skill      XL: |  1  2  3 |
---------------+----------+-----
Axes           | 3 4 5 |  5.8
Fighting       | |  3.6
Armour         | |  3.2
Shields        | |  3.2

Action                   |  1- 3 |  4- 6 || total
-------------------------+-------+-------++-------
Melee: War axe           |    94 |    31 ||   125
Armor: Scale mail        |     8 |       ||     8
       Chain mail        |    40 |    15 ||    55
Dodge: Dodged            |    41 |     8 ||    49
Block: Buckler           |    19 |     5 ||    24

Table legend: (Time is in decaauts)
 A = Elapsed time spent in this place.
 B = Non-inter-level travel time spent in this place.
 C = Inter-level travel time spent in this place.
 D = Time resting spent in this place.
 E = Time spent auto-exploring this place.
 F = Levels seen in this place.
 G = Mean time per level.
                   A        B        C        D        E       F      G
               +--------+--------+--------+--------+--------+-----+--------+
         Total |   1900 |   1807 |     93 |     99 |   1227 |   3 |  633.3 |
       Dungeon |   1900 |   1807 |     93 |     99 |   1227 |   3 |  633.3 |
               +--------+--------+--------+--------+--------+-----+--------+

Top non-repeatable levels by time:
     D:2: 1040 daAuts
     D:1: 794 daAuts
     D:3: 66 daAuts
